 Dungeon Crawl Stone Soup version 0.28-a0-861-ge64d6db94f (webtiles) character file.

Game seed: 7219193284304509433

595 bande the Covered (level 7, -3/43 HPs)
             Began as a Gargoyle Fighter on Nov 16, 2021.
             Slain by a wight (8 damage)
             ... on level 5 of the Dungeon.
             The game lasted 00:08:10 (4834 turns).

bande the Covered (Gargoyle Fighter)                Turns: 4834, Time: 00:08:11

Health: -3/43      AC: 16    Str: 20    XL:     7   Next: 40%
Magic:  7/7        EV:  4    Int:  9    God:
Gold:   214        SH:  8    Dex: 10    Spells: 4/6 levels left

rFire   . . .      SeeInvis .   m - +1 hand axe (venom)
rCold   . . .      Faith    +   f - +0 kite shield
rNeg    + . .      Spirit   .   l - +0 plate armour
rPois   ∞          Reflect  .   (no helmet)
rElec   +          Harm     .   (no cloak)
rCorr   .          Rampage  .   (no gloves)
Will    .....                   (no boots)
Stlth   ..........              e - amulet of faith
HPRegen 0.14/turn               (no ring)
MPRegen 0.10/turn               (no ring)

@: no status effects
A: sickness immunity, AC +4, negative energy resistance 1, electricity
resistance, torment resistance 1, petrification resistance
a: no special abilities


You were on level 5 of the Dungeon.
You visited 1 branch of the dungeon, and saw 5 of its levels.

You collected 214 gold pieces.

Inventory:

Hand Weapons
 a - a +1 war axe
 g - a +0 flail
 m - a +1 hand axe of venom (weapon)
Armour
 f - a +0 kite shield (worn)
 l - a +0 plate armour (worn)
Jewellery
 e - an amulet of faith (around neck)
 i - a ring of fire
Wands
 o - a wand of paralysis (3)
Scrolls
 k - a scroll of enchant weapon
 p - a scroll of summoning
 r - a scroll of amnesia
Potions
 b - 2 potions of haste
 d - a potion of might
 h - 2 potions of brilliance
 j - 3 potions of curing
 n - a potion of ambrosia


   Skills:
 + Level 4.3 Fighting
 + Level 4.4(4.6) Axes
 - Level 1.1(3.2) Maces & Flails
 - Level 1.4(3.1) Polearms
 + Level 4.7 Armour
 + Level 4.2 Shields
 * Level 2.3 Translocations
 * Level 0.6 Evocations


You had 4 spell levels left.
You knew the following spells:

 Your Spells              Type           Power      Damage    Failure   Level
a - Blink                 Tloc           8%         N/A       100%        2

Your spell library contained the following spells:

 Spells                   Type           Power      Damage    Failure   Level
 Lesser Beckoning         Tloc           4%         N/A       100%        3
 Manifold Assault         Tloc           4%         N/A       100%        5


Dungeon Overview and Level Annotations

Branches:
Dungeon (5/15)
 Temple: D:4-7

Altars:

Annotations:
D:5 1 runed translucent door, Blacky's ghost, novice OgFi


Innate Abilities, Weirdness & Mutations

You are immune to sickness and miasma.
Your stone body is resilient. (AC +4)
You are immune to poison.
You resist negative energy. (rN+)
You are resistant to electric shocks. (rElec)
You are resistant to unholy torment.
You are immune to petrification.


Message History

As you read the scroll of identify, it crumbles to dust.
j - 3 potions of curing
As you read the scroll of identify, it crumbles to dust.
n - a potion of ambrosia Blacky's ghost turns its malevolent gaze towards you.
Blacky's ghost screams, "I'll kill anyone who wants the ORB!"
A wight comes into view. It is wielding a +0 scimitar.
A wight is nearby! 2 wights come into view.
You block the wight's attack.
You hit the wight but do no damage. You hit the wight.
You block the wight's attack. x2; The wight hits you but does no damage.
The wight hits you from afar with a +0 trident.
You barely miss the wight.
The wight is lightly damaged.
You hit the wight but do no damage. The wight barely misses you.
Blacky's ghost shouts, "There is no future for me!"
You block the wight's attack.
The wight hits you from afar with a +0 trident.
You closely miss the wight.
The wight is lightly damaged.
You hit the wight but do no damage.
The wight hits you with a +3 long sword.
The wight hits you but does no damage.
The wight hits you from afar with a +0 trident.
The wight hits you with a +3 long sword.
The wight hits you but does no damage. The wight barely misses you.
The wight hits you with a +3 long sword.
You hit the wight.
The wight is lightly damaged.
You closely miss the wight. x2; The wight barely misses you.
The wight hits you with a +0 trident. The wight hits you but does no damage.
Unknown command.
You hit the wight.
The wight is moderately damaged.
You hit the wight but do no damage. x2; The wight hits you with a +0 scimitar!
* * * LOW HITPOINT WARNING * * *
The wight barely misses you.
The wight hits you with a +3 long sword!
You die...

.....######............
.............)...#####.#
..###....###............
.##⌠##...###..#.########
##...##.......#.# #....
#..?..##...##.#.# #.###
⌠..♣..W+......#.# #....
#..!..##..#####.####..##
##...##@..# #.....#..##
.##⌠##zzz## #....>#..##
..###...## #..........
.......## #.....#....
#.....# #.....##.##
####.. #...####.# ##.
#...# #.# #. ##..# #.#
#..# #.##


You could see 3 wights and Blacky's ghost.

Vanquished Creatures
  An ogre (D:5)
  A gnoll sergeant (D:3)
  A scorpion (D:3)
  A howler monkey (D:4)
  A hound (D:3)
  A jelly (D:4)
  2 iguanas (D:4)
  Ijyb (D:3)
  An orc wizard (D:3)
  A hound zombie (D:5)
  5 gnolls
  3 adders
  A dart slug (D:3)
  3 orcs
  9 bats
  8 endoplasms
  5 giant cockroaches
  10 goblins
  9 hobgoblins
  13 jackals
  4 quokkas
  5 ball pythons
  5 frilled lizards
  5 kobolds
  9 rats
105 creatures vanquished.

Vanquished Creatures (others)
  A fungus (D:1)
  3 plants (D:1)
4 creatures vanquished.

Grand Total: 109 creatures vanquished

Notes
Turn   | Place    | Note
-------+----------+-------------------------------------------
     0 | D:1      | bande the Gargoyle Fighter began the quest for the Orb.
     0 | D:1      | Reached XP level 1. HP: 14/14 MP: 1/1
   222 | D:1      | Reached XP level 2. HP: 19/19 MP: 2/2
   348 | D:1      | Found a faded altar of an unknown god.
   968 | D:2      | Reached XP level 3. HP: 23/23 MP: 3/3
  1036 | D:2      | Reached skill level 1 in Polearms
  1559 | D:2      | Reached XP level 4. HP: 24/28 MP: 4/4
  1818 | D:3      | Reached skill level 1 in Maces & Flails
  1920 | D:3      | Learned a level 2 spell: Blink
  2035 | D:3      | Noticed Ijyb
  2044 | D:3      | Paralysed by Ijyb for 3 turns
  2049 | D:3      | Killed Ijyb
  2050 | D:3      | Reached XP level 5. HP: 31/33 MP: 5/5
  2309 | D:3      | Reached skill level 1 in Translocations
  2478 | D:2      | Reached XP level 6. HP: 25/38 MP: 6/6
  3781 | D:4      | Reached XP level 7. HP: 21/43 MP: 7/7
  4403 | D:5      | Entered Level 5 of the Dungeon
  4461 | D:5      | Found a runed translucent door.
  4823 | D:5      | Noticed Blacky's ghost (novice OgFi)
  4834 | D:5      | Slain by a wight

Illustrated notes

Levels and vault maps discovered:
D:1:      psy_arrival_terrarium, layout_loops_ring,
          shapermc_ecumenical_altar_mp_ritualfount
D:2:      layout_basic, minmay_misc_feat_alley, chequers_serial_rivers_micro_b,
          minmay_misc_feat_doors, minmay_between
D:3:      layout_loops_ring, uniq_ijyb
D:4:      layout_basic, minmay_increasing_density
D:5:      layout_loops_ring, nicolae_uskayaw_murder_on_the_dancefloor,
          hellmonk_ghost_happy_afterlife, uniq_prince_ribbit1

Skill      XL: |  1  2  3  4  5  6 |
---------------+-------------------+-----
Axes           | 2 3 4 |  4.4
Polearms       | 1 |  1.4
Maces & Flails | 1 |  1.1
Armour         | 4 |  4.7
Translocations | 1 2 |  2.3
Fighting       | 4 |  4.3
Shields        | 4 |  4.2
Evocations     | |  0.6

Action                   |  1- 3 |  4- 6 |  7- 9 || total
-------------------------+-------+-------+-------++-------
Melee: War axe           |   133 |    15 |       ||   148
       Hand axe          |       |   104 |    42 ||   146
  Use: Scroll            |     2 |     3 |     4 ||     9
Armor: Scale mail        |    53 |       |       ||    53
       Plate armour      |    50 |   121 |    27 ||   198
Dodge: Dodged            |    62 |    28 |     6 ||    96
Block: Buckler           |    28 |    13 |       ||    41
       Kite shield       |       |    27 |    19 ||    46

Table legend: (Time is in decaauts)
 A = Elapsed time spent in this place.
 B = Non-inter-level travel time spent in this place.
 C = Inter-level travel time spent in this place.
 D = Time resting spent in this place.
 E = Time spent auto-exploring this place.
 F = Levels seen in this place.
 G = Mean time per level.
                   A        B        C        D        E       F      G
               +--------+--------+--------+--------+--------+-----+--------+
         Total |   4931 |   4904 |     27 |   1151 |   2837 |   5 |  986.2 |
       Dungeon |   4931 |   4904 |     27 |   1151 |   2837 |   5 |  986.2 |
               +--------+--------+--------+--------+--------+-----+--------+

Top non-repeatable levels by time:
     D:4: 1275 daAuts
     D:3: 1114 daAuts
     D:2: 1114 daAuts
     D:1: 992 daAuts
     D:5: 434 daAuts
